 Dungeon Crawl Stone Soup version 0.29.1-4-g47bece8355 (webtiles) character file.

Game seed: 6675260584592988684

56 KittyFluff the Trooper (level 3, -1/36 HPs)
             Began as a Gargoyle Berserker on Dec 7, 2022.
             Was a Follower of Trog.
             Slain by an orc priest
             ... wielding a +0 whip
              (3 damage)
             ... on level 3 of the Dungeon.
             The game lasted 00:06:41 (1932 turns).

KittyFluff the Trooper (Gargoyle Berserker)         Turns: 1932, Time: 00:06:42

Health: -1/36      AC:  6    Str: 20    XL:     3   Next: 97%
Magic:  3/3        EV: 12    Int:  7    God:    Trog [*.....]
Gold:   36         SH:  0    Dex: 11    Spells: 2/2 levels left

rFire   . . .      SeeInvis .   a - +0 mace
rCold   . . .      Faith    .   (no shield)
rNeg    + . .      Spirit   .   b - +0 animal skin
rPois   ∞          Reflect  .   e - +0 helmet
rElec   +          Harm     .   (no cloak)
rCorr   .          Rampage  .   (no gloves)
Will    .....                   (no boots)
Stlth   ..........              (no amulet)
HPRegen 0.12/turn               (no ring)
MPRegen 0.08/turn               (no ring)

@: berserking, very quick
A: sickness immunity, AC +3, negative energy resistance 1, electricity
resistance, torment resistance 1, petrification resistance
a: Renounce Religion, Berserk


You were on level 3 of the Dungeon.
You worshipped Trog.
Trog was aware of your devotion.
You visited 1 branch of the dungeon, and saw 3 of its levels.

You collected 36 gold pieces.

Inventory:

Hand Weapons
 a - a +0 mace (weapon)
Missiles
 k - 14 stones (quivered)
Armour
 b - a +0 animal skin (worn)
 e - a +0 helmet (worn)
Scrolls
 f - a scroll of identify {unknown}
 i - a scroll of immolation {unknown}
 l - a scroll of butterflies {unknown}
 m - 2 scrolls of teleportation
 o - a scroll of amnesia {unknown}
 p - a scroll of noise {unknown}
 q - a scroll of vulnerability {unknown}
Potions
 c - 5 potions of curing {unknown}
 d - a potion of lignification {unknown}
 g - a potion of heal wounds {unknown}
 h - 2 potions of degeneration {unknown}
 j - a potion of invisibility {unknown}
 n - a potion of mutation {unknown}


   Skills:
 + Level 4.1 Fighting
 + Level 3.8 Maces & Flails
 + Level 2.2 Armour
 + Level 1.9 Dodging
 + Level 0.7 Stealth


You had 2 spell levels left.
You didn't know any spells.
Your spell library was empty.

Dungeon Overview and Level Annotations

Branches:
Dungeon (3/15)

Altars:

Shops:
D:1 :


Innate Abilities, Weirdness & Mutations

You are immune to sickness and miasma.
Your stone body is resilient. (AC +3)
You are immune to poison.
You resist negative energy. (rN+)
You are resistant to electric shocks. (rElec)
You are resistant to unholy torment.
You are immune to petrification.


Message History

An orc priest comes into view. It is wielding a +0 whip.
A rat comes into view.
An orc comes into view. It is wielding a +0 morningstar.
An orc comes into view. It is wielding a +0 flail.
The orc shouts! x2
The orc throws a boomerang.
The boomerang hits you but does no damage.
The orc priest shouts!
You barely miss the orc. The orc closely misses you.
You sock the orc!
You kill the orc!
Trog accepts your kill.
You hit the orc priest but do no damage.
The orc barely misses you.
The orc priest calls down the wrath of Beogh upon you.
You barely resist. The orc closely misses you.
You closely miss the orc. The orc barely misses you.
The orc closely misses you.
The orc priest mumbles some strange prayers to Beogh against you.
Pain shoots through your body!
You hit the orc.
The orc is moderately wounded.
The orc misses you.
You sock the orc!
You kill the orc!
Trog accepts your kill.
You hit the orc but do no damage.
The orc priest mumbles some strange prayers to Beogh against you.
Beogh smites you! The orc closely misses you. The orc hits you with a +0 flail.
* * * LOW HITPOINT WARNING * * *
You sock the orc!
You kill the orc!
Trog accepts your kill.
You hit the orc priest but do no damage.
The orc priest hits you with a +0 whip.
* * * LOW HITPOINT WARNING * * *
A red film seems to cover your vision as you go berserk!
You feel yourself moving faster!
You feel mighty! The orc priest hits you with a +0 whip.
You die...

###########
###.........###
#...........'.. #
#.#.........###
#.. ##.###########
#....####.).......
#......@or#.......
#.....#####.o.....
#.... ....... #...
....... #..
....... ## .......


You could see an orc priest and a rat.

Vanquished Creatures
  2 adders (D:2)
  A worm (D:2)
  3 orcs (D:3)
  A ball python (D:1)
  3 endoplasms
  A giant cockroach (D:1)
  3 goblins (D:2)
  8 hobgoblins
  A quokka (D:2)
  4 bats
  2 kobolds
  A rat (D:2)
30 creatures vanquished.

Notes
Turn   | Place    | Note
-------+----------+-------------------------------------------
     0 | D:1      | KittyFluff the Gargoyle Berserker began the quest for the
                  | Orb.
     0 | D:1      | Reached XP level 1. HP: 14/14 MP: 1/1
   620 | D:1      | Found Oxtiwn's Book Shoppe.
   648 | D:1      | Found a faded altar of an unknown god.
   757 | D:1      | Reached XP level 2. HP: 20/20 MP: 2/2
  1269 | D:2      | Reached XP level 3. HP: 21/24 MP: 3/3
  1316 | D:2      | Reached skill level 4 in Fighting
  1931 | D:3      | HP: 1/24 [orc priest/+0 whip (5)]
  1932 | D:3      | Slain by an orc priest

Illustrated notes

Levels and vault maps discovered:
D:1:      dpeg_arrival_round_a, layout_loops_ring, serial_shops,
          nicolae_shop_hallway_plus, chequers_ecumenical_altar_island
D:2:      layout_loops_corners
D:3:      layout_basic

Skill      XL: |  1  2  3 |
---------------+----------+-----
Fighting       | 4 |  4.1
Maces & Flails | |  3.8
Armour         | |  2.2
Dodging        | |  1.9
Stealth        | |  0.7

Action                   || total
-------------------------++-------
Melee: Mace              ||    97
Invok: Berserk           ||     1
  Use: Scroll            ||     1
Armor: Animal skin       ||    40
Dodge: Dodged            ||    70
